 Dungeon Crawl Stone Soup version 0.23.2-40-g277498a001 (webtiles) character file.

Game seed: 18292695653275173476

131 sentinel the Skirmisher (level 4, -4/37 HPs)
             Began as a Mummy Monk on Nov 18, 2019.
             Slain by Grinder (5 damage)
             ... while paralysed by Grinder
             ... on level 3 of the Dungeon on Mar 28, 2020.
             The game lasted 00:10:21 (93072 turns).

sentinel the Skirmisher (Mummy Monk)               Turns: 93072, Time: 00:10:21

Health: -4/37      AC:  3    Str: 15    XL:     4   Next: 91%
Magic:  4/4        EV:  2    Int:  9    God:
Gold:   112        SH:  0    Dex: 14    Spells: 3/3 levels left

rFire    x . .     SeeInvis .     - Unarmed
rCold    + . .     Gourm    .   c - +0 buckler
rNeg     + + +     Faith    .   f - +0 leather armour (curse)
rPois    ∞         Spirit   .   (no helmet)
rElec    .         Reflect  .   (no cloak)
rCorr    .         Harm     .   (no gloves)
MR       .....                  (no boots)
Stlth    ++........             (no amulet)
HPRegen  0.12/turn              (no ring)
MPRegen  0.09/turn              (no ring)

@: paralysed
A: no food or potions, fire vulnerability, cold resistance 1, negative energy
resistance 3, torment resistance, unbreathing
a: no special abilities


You were on level 3 of the Dungeon.
You were not hungry.

You visited 1 branch of the dungeon, and saw 3 of its levels.

You collected 112 gold pieces.

Inventory:

Armour
 c - a +0 buckler (worn)
 d - a +0 ring mail
 f - a cursed +0 leather armour (worn)
Jewellery
 j - a cursed ring of teleportation {unknown}
Scrolls
 a - a scroll of enchant weapon
 b - 2 scrolls of identify
 e - a scroll of noise
 g - a scroll of teleportation {unknown}
 h - 2 scrolls of random uselessness {unknown}
 i - 3 scrolls of immolation {unknown}
 k - a scroll of enchant armour {unknown}


   Skills:
 + Level 3.7 Fighting
 + Level 3.1 Dodging
 - Level 2.0 Stealth
 + Level 1.4 Shields
 + Level 3.1 Unarmed Combat


You had 3 spell levels left.
You didn't know any spells.
Your spell library was empty.

Dungeon Overview and Level Annotations

Branches:
Dungeon (3/15)

Altars:
Kikubaaqudgha
Qazlal

Annotations:
D:3 Grinder


Innate Abilities, Weirdness & Mutations

You do not eat or drink.
Your flesh is vulnerable to fire.
You are immune to poison.
Your flesh is cold resistant. (rC+)
You are immune to negative energy. (rN+++)
You are immune to unholy pain and torment.
You can survive without breathing.


Message History

* * * LOW HITPOINT WARNING * * *
You closely miss Grinder. Grinder barely misses you.
You hit Grinder. Grinder completely misses you.
You hit Grinder but do no damage. Grinder hits you.
* * * LOW HITPOINT WARNING * * *
You barely miss Grinder. Grinder barely misses you.
You hit Grinder. Grinder gestures at you. You resist with significant effort.
You punch Grinder! Grinder gestures at you. You resist with significant effort.
You closely miss Grinder. You block Grinder's attack.
You closely miss Grinder. Grinder gestures at you.
You suddenly lose the ability to move!
Grinder hits you!
* * * LOW HITPOINT WARNING * * *
Grinder hits you.
You die...

#...%. #.#
#.# .# #.#
...
#.#####.#
#.#
#.......#
###.#####
#.# ### #.#
#...####.#
#...5@...#
......######
#####


You could see Grinder.

Vanquished Creatures
  Jessica (D:2)
  4 adders
  An ooze (D:3)
  A worm (D:2)
  A dart slug (D:2)
  A leopard gecko (D:2)
  9 bats
  2 giant cockroaches (D:1)
  5 goblins
  12 hobgoblins
  3 jackals (D:3)
  A quokka (D:2)
  A ball python (D:2)
  6 frilled lizards
  5 kobolds
  7 rats
60 creatures vanquished.

Notes
Turn   | Place    | Note
-------+----------+-------------------------------------------
     0 | D:1      | sentinel the Mummy Monk began the quest for the Orb.
     0 | D:1      | Reached XP level 1. HP: 18/18 MP: 1/1
 51506 | D:1      | Noticed a lindwurm
 51506 | D:1      | Noticed a swamp drake
 51506 | D:1      | Noticed a crocodile
 51507 | D:1      | Noticed a water moccasin
 51903 | D:1      | Reached XP level 2. HP: 22/24 MP: 2/2
 53751 | D:1      | Reached XP level 3. HP: 26/29 MP: 3/3
 54150 | D:1      | You fall through a shaft!
 92162 | D:2      | Reached skill level 1 in Shields
 92231 | D:2      | Reached XP level 4. HP: 29/35 MP: 4/4
 92488 | D:2      | Found an ancient bone altar of Kikubaaqudgha.
 92489 | D:2      | Found a stormy altar of Qazlal.
 92576 | D:2      | Noticed Jessica
 92611 | D:2      | Killed Jessica
 93050 | D:3      | Noticed Grinder
 93070 | D:3      | Paralysed by Grinder for 6 turns
 93071 | D:3      | HP: 1/37 [Grinder (7)]
 93072 | D:3      | Slain by Grinder

Skill      XL: |  1  2  3  4 |
---------------+-------------+-----
Stealth        | 2 |  2.0
Shields        | 1 |  1.4
Dodging        | 3 |  3.1
Unarmed Combat | 3 |  3.1
Fighting       | |  3.7

Action                   |  1- 3 |  4- 6 || total
-------------------------+-------+-------++-------
Melee: Unarmed           |   191 |   117 ||   308
  Use: Scroll            |     2 |       ||     2
 Stab: Sleeping          |     1 |     2 ||     3
       Distracted        |       |     1 ||     1
Armor: Ring mail         |    47 |       ||    47
       Robe              |     2 |       ||     2
       Leather armour    |     7 |    22 ||    29
Dodge: Dodged            |   115 |    48 ||   163
Block: Buckler           |    25 |    22 ||    47
